 Dungeon Crawl Stone Soup version 0.17.0-28-g6e173f8 (webtiles) character file.

1668 gorblad the Sneak (level 8, 0/56 HPs)
             Began as a Mummy Hunter on Dec 4, 2015.
             Slain by a water moccasin (2 damage)
             ... on level 6 of the Dungeon.
             The game lasted 00:17:18 (6242 turns).

gorblad the Sneak (Mummy Hunter)                    Turns: 6242, Time: 00:17:18

Health: 0/56       AC:  7    Str: 18    XL:     8   Next: 69%
Magic:  8/8        EV: 16    Int: 11    God:
Gold:   226        SH:  0    Dex: 14    Spells: 0 memorised, 7 levels left

rFire  x . .     SeeInvis .     a - +2 shortbow
rCold  + . .     Clarity  .     c - +1 leather armour
rNeg   + + +     SustAt   .     (shield currently unavailable)
rPois  ∞         Gourm    .     (no helmet)
rElec  .         Spirit   .     (no cloak)
rCorr  .         Warding  .     e - +2 pair of gloves
rMut   .         Stasis   .     (no boots)
MR     +....                    (no amulet)
Stlth  +++.......               s - +1 ring of evasion
                                t - +3 ring of strength

@: somewhat resistant to hostile enchantments, fairly stealthy
A: no food or potions, fire vulnerability, cold resistance 1, negative energy
resistance 3, torment resistance, unbreathing
a: no special abilities


You were on level 6 of the Dungeon.
You were not hungry.

You visited 1 branch of the dungeon, and saw 6 of its levels.

You collected 226 gold pieces.

Inventory:

Hand Weapons
 a - a +2 shortbow (weapon)
 b - a +0 short sword
Missiles
 d - 13 arrows (quivered)
 g - 9 poisoned arrows
Armour
 c - a +1 leather armour (worn)
 e - a +2 pair of gloves (worn)
 j - a +0 chain mail
Jewellery
 q - an uncursed ring of positive energy
 s - a +1 ring of evasion (right hand)
 t - a +3 ring of strength (left hand)
Wands
 f - a wand of confusion (25)
 n - a wand of disintegration (8)
Scrolls
 h - 3 scrolls of amnesia
 l - 2 scrolls of magic mapping
 o - a scroll of remove curse
Books
 r - a book of the Warp

   Spells                             Type                      Level
   a - Recall                         Summoning/Translocation      3
   b - Gell's Gravitas                Hexes/Translocation          3
   c - Force Lance                    Conjuration/Translocation    4
   d - Phase Shift                    Translocation                5
   e - Warp Weapon                    Charms/Translocation         5
   f - Summon Forest                  Summoning/Translocation      5


   Skills:
 - Level 2.0 Fighting
 - Level 4.0 Bows
 - Level 6.1 Dodging
 * Level 7.3 Stealth


You had 7 spell levels left.
You didn't know any spells.

Dungeon Overview and Level Annotations

Branches:
Dungeon (6/15)
 Temple: D:4-7

Altars:
Cheibriados
Fedhas
Qazlal
Ru
Xom
Zin

Shops:
D:5 (

Annotations:
D:6 dohliylev's ghost, novice DESu


Innate Abilities, Weirdness & Mutations

You do not eat or drink.
Your flesh is vulnerable to fire.
You are immune to poison.
Your flesh is cold resistant.
You are immune to negative energy.
You are immune to unholy pain and torment.
You can survive without breathing.


Message History

The water moccasin bites you.
* * * LOW HITPOINT WARNING * * *
The water moccasin bites you.
* * * LOW HITPOINT WARNING * * *
Firing (i - inventory. (,) - cycle):
d - 15 arrows (quivered)
Press: ? - help, Shift-Dir - straight line, f/p - water moccasin
Aim: a water moccasin You shoot an arrow.
The arrow misses the water moccasin.
The arrow hits the ogre!
The ogre is moderately wounded.
The water moccasin misses you.
Unknown command.
Firing (i - inventory. (,) - cycle):
d - 14 arrows (quivered)
Press: ? - help, Shift-Dir - straight line, f/p - water moccasin
Aim: a water moccasin You shoot an arrow.
The arrow misses the water moccasin.
The arrow hits the ogre!
The ogre is severely wounded.
The water moccasin closely misses you. The water moccasin bites you.
You die...

. . #....... .
#....... .
##....... . .
..#... .z . #...z
z.. . . #.z##
.... .
....#####...##..#
.
.......@SO..zz..#
.
....######..##..#
. #######(##..###
...............
#######..#######
...............#
.......(.....#+#
.#######..#......
#..#.......


You could see a water moccasin, an ogre and 4 wights.

Vanquished Creatures
  Grinder (D:5)
  Menkaure (D:5)
  A sky beast (D:5)
  2 ogres
  A phantom (D:5)
  A wasp (D:5)
  The ghost of graki42 the Firebug, an amateur DEFE of Vehumet (D:4)
  A giant frog (D:3)
  2 scorpions (D:4)
  A water moccasin skeleton (D:6)
  A centaur zombie (D:5)
  2 crimson imps (D:5)
  2 iguanas (D:5)
  A hound (D:5)
  2 orc wizards
  9 worker ants
  5 adders
  An adder zombie (D:5)
  An adder skeleton (D:4)
  5 worms
  5 giant geckos
  17 orcs
  A ball python (D:1)
  4 giant cockroaches
  A hobgoblin (D:1)
  3 jackals (D:2)
  6 kobolds
  4 bats (D:2)
  5 giant newts
  5 goblins
  2 quokkas
  A quokka skeleton (D:5)
  6 rats
  6 plants (D:3)
107 creatures vanquished.

Notes
Turn   | Place    | Note
--------------------------------------------------------------
     0 | D:1      | gorblad the Mummy Hunter began the quest for the Orb.
     0 | D:1      | Reached XP level 1. HP: 16/16 MP: 1/1
   142 | D:1      | Found a shimmering altar of Xom.
   933 | D:2      | Reached XP level 2. HP: 22/22 MP: 2/2
  1301 | D:2      | Reached skill level 4 in Bows
  1962 | D:3      | Reached XP level 3. HP: 25/27 MP: 3/3
  1995 | D:3      | Found a glowing silver altar of Zin.
  2660 | D:3      | Reached XP level 4. HP: 33/33 MP: 4/4
  2674 | D:3      | Noticed an ogre
  2696 | D:3      | Killed an ogre
  2696 | D:3      | Reached XP level 5. HP: 20/38 MP: 5/5
  3157 | D:3      | Noticed a giant frog
  3162 | D:3      | Killed a giant frog
  3162 | D:3      | Reached XP level 6. HP: 31/44 MP: 6/6
  3748 | D:4      | Reached skill level 5 in Dodging
  3849 | D:4      | HP: 2/44 [scorpion (6)]
  4240 | D:4      | Reached skill level 6 in Dodging
  4240 | D:4      | Reached XP level 7. HP: 46/50 MP: 7/7
  4292 | D:4      | Noticed graki42's ghost (amateur DEFE)
  4300 | D:4      | Killed graki42's ghost
  4300 | D:4      | Reached skill level 1 in Stealth
  4551 | D:5      | Entered Level 5 of the Dungeon
  4693 | D:5      | Noticed Menkaure
  4704 | D:5      | Killed Menkaure
  5122 | D:5      | Noticed Grinder
  5160 | D:5      | Killed Grinder
  5160 | D:5      | Reached skill level 5 in Stealth
  5160 | D:5      | Reached XP level 8. HP: 54/56 MP: 8/8
  5168 | D:5      | Found a sacrificial altar of Ru.
  5396 | D:5      | Found Tasoanai's Weapon Shop.
  5443 | D:5      | Found a blossoming altar of Fedhas.
  5451 | D:5      | Found a stormy altar of Qazlal.
  5465 | D:5      | Found a snail-covered altar of Cheibriados.
  5529 | D:6      | Noticed dohliylev's ghost (novice DESu)
  5773 | D:5      | Reached skill level 7 in Stealth
  6240 | D:6      | HP: 2/56 [water moccasin (2)]
  6242 | D:6      | Slain by a water moccasin

Action                   |  1- 3 |  4- 6 |  7- 9 || total
-------------------------+-------+-------+-------++-------
Melee: Short sword       |   709 |    63 |     8 ||   780
       Shortbow          |   152 |       |       ||   152
 Fire: Shortbow          |    96 |   149 |   222 ||   467
  Use: Scroll            |     9 |     1 |     9 ||    19
